 Dungeon Crawl Stone Soup version 0.31-a0-889-g1a8549509d (webtiles) character file.

Game seed: 6967479563679955388

10041 zazu2006 the Cruncher (level 11, -4/84 HPs)
             Began as a Gnoll Wanderer on Oct 16, 2023.
             Was a Priest of Vehumet.
             Slain by a small abomination (12 damage)
             ... on level 2 of the Abyss.
             The game lasted 00:31:11 (12522 turns).

zazu2006 the Cruncher (Gnoll Wanderer)             Turns: 12522, Time: 00:31:12

Health: -4/84      AC: 11    Str: 12    XL:     11   Next: 55%
Magic:  20/20      EV: 19    Int: 12    God:    Vehumet [***...]
Gold:   468        SH:  0    Dex: 15    Spells: 20/23 levels left

rFire   . . .        a - +2 quarterstaff
rCold   . . .        (shield currently unavailable)
rNeg    . . .        L - +0 acid dragon scales
rPois   .            c - +0 helmet
rElec   .            o - +0 cloak
rCorr   +            v - +0 pair of gloves
SInv    .            (no boots)
Will    .....        (no amulet)
Stlth   ++++         w - +5 ring of evasion
HPRegen 0.00/turn    (no ring)
MPRegen 0.17/turn

%: no passive effects
@: sick
A: fangs 1, strong nose, distributed training
a: Renounce Religion


You were on level 2 of the Abyss.
You worshipped Vehumet.
Vehumet was most pleased with you.
You visited 2 branches of the dungeon, and saw 12 of its levels.
You visited the Abyss 1 time.

You collected 468 gold pieces.

Inventory:

Hand Weapons
 a - a +2 quarterstaff (weapon)
 z - a +1 short sword of venom
Missiles
 G - 39 poisoned darts
 I - 2 throwing nets
Armour
 c - a +0 helmet (worn)
 o - a +0 cloak (worn)
 q - a +3 scale mail of cold resistance
 v - a +0 pair of gloves (worn)
 x - a +0 buckler
 J - +0 steam dragon scales
 L - +0 acid dragon scales (worn)
 N - the +1 robe of Powerful Salvation {rPois rF+ Regen+ Int-3}
   (You found it on level 10 of the Dungeon)

   Int-3:     It affects your intelligence (-3).
   rF+:       It protects you from fire.
   rPois:     It protects you from poison Regen+: It increases your rate of
   health regeneration.
Jewellery
 w - a +5 ring of evasion (left hand)
 K - an amulet of guardian spirit
Wands
 p - a wand of paralysis (4)
 y - a wand of roots (7)
 B - a wand of polymorph (12)
Scrolls
 f - a scroll of revelation {unknown}
 h - 2 scrolls of enchant weapon {unknown}
 l - 2 scrolls of poison {unknown}
 m - a scroll of fear
 s - 2 scrolls of fog {unknown}
 t - a scroll of amnesia {unknown}
 u - 2 scrolls of enchant armour {unknown}
 C - 2 scrolls of vulnerability {unknown}
 F - a scroll of noise {unknown}
 P - a scroll of butterflies {unknown}
Potions
 b - 3 potions of brilliance
 e - a potion of haste {unknown}
 g - 2 potions of might
 i - 5 potions of curing
 j - 2 potions of degeneration {unknown}
 n - 3 potions of mutation {unknown}
 r - 2 potions of enlightenment {unknown}
 A - 2 potions of heal wounds {unknown}
 D - 2 potions of lignification
 H - a potion of resistance {unknown}
 M - a potion of magic {unknown}


   Skills:
 + Level 7.1 Fighting
 + Level 6.5 Short Blades
 + Level 6.5 Long Blades
 + Level 7.1 Axes
 + Level 6.5 Maces & Flails
 + Level 6.5 Polearms
 + Level 9.3 Staves
 + Level 6.5 Ranged Weapons
 + Level 6.5 Throwing
 + Level 7.1 Armour
 + Level 7.1 Dodging
 + Level 9.0 Stealth
 + Level 6.5 Shields
 + Level 6.5 Unarmed Combat
 + Level 6.5 Spellcasting
 + Level 5.4 Conjurations
 + Level 5.4 Hexes
 + Level 5.4 Summonings
 + Level 5.4 Necromancy
 + Level 5.4 Translocations
 + Level 5.4 Transmutations
 + Level 5.4 Fire Magic
 + Level 5.4 Ice Magic
 + Level 5.4 Air Magic
 + Level 5.4 Earth Magic
 + Level 5.4 Poison Magic
 + Level 7.1 Invocations
 + Level 6.5 Evocations
 + Level 5.9 Shapeshifting


You had 20 spell levels left.
You knew the following spells:

 Your Spells              Type           Power      Damage    Failure   Level
a - Mephitic Cloud        Conj/Pois/Air  16%        N/A       2%          3

Your spell library contained the following spells:

 Spells                   Type           Power      Damage    Failure   Level
 Sandblast                Erth           32%        2d9       1%          1
 Apportation              Tloc           32%        N/A       2%          1
 Frozen Ramparts          Ice            32%        1d5       2%          3
 Inner Flame              Hex/Fire       16%        N/A       2%          3
 Stone Arrow              Conj/Erth      32%        3d9       2%          3
 Passwall                 Tmut/Erth      13%        N/A       4%          2
 Brom's Barrelling Bould  Conj/Erth      16%        2d4       7%          4
 Ozocubu's Armour         Ice            16%        N/A       8%          3
 Yara's Violent Unravell  Hex/Tmut       8%         3d5       19%         5
 Dimensional Bullseye     Hex/Tloc       8%         N/A       26%         4
 Ozocubu's Refrigeration  Ice            8%         4d9       99%         7
 Enfeeble                 Hex            8%         N/A       100%        7


Dungeon Overview and Level Annotations

Branches:
Dungeon (11/15)            Temple (1/1) D:6            Lair (0/5) D:11
    Orc: D:9-12

Altars:
Ashenzari
Cheibriados
Dithmenos
Elyvilon
Fedhas
Gozag
Hepliaklqana
Kikubaaqudgha
Makhleb
Nemelex Xobeh
Okawaru
Qazlal
Ru
Sif Muna
Trog
Uskayaw
Vehumet
Wu Jian
Xom
Yredelemnul
Zin
The Shining One

Shops:
D:4 =   D:7 [

Annotations:
D:6 3 runed translucent doors, Fodor's ghost, novice MiFi; MrSquiggles's ghost, novice KoAr; XomNomNom's ghost, novice DrMo; croobank's ghost, novice DgSh
D:11 Sonja


Innate Abilities, Weirdness & Mutations

You have very sharp teeth.
Your uncanny sense of smell can sniff out nearby items.
Your experience applies equally to all skills.


Message History

The worldbinder calls forth creatures from the Spider Nest!
Unknown command.
The rakshasa blinks!
The wolf spider misses you. The wolf spider bites you.
* * * LOW HITPOINT WARNING * * *
The wolf spider attacks as it pursues you!
The wolf spider closely misses you. The wolf spider misses you.
You feel ill.
The wolf spider attacks as it pursues you!
The wolf spider hits you!
* * * LOW HITPOINT WARNING * * *
The wolf spider bites you but does no damage.
The wolf spider barely misses you. The wolf spider closely misses you.
The wolf spider attacks as it pursues you!
The wolf spider closely misses you.
The wolf spider bites you but does no damage.
The wolf spider completely misses you.
The wolf spider bites you but does no damage.
The worldbinder calls forth creatures from the Spider Nest!
The worldbinder completely misses you. The worldbinder closely misses you.
Unknown command.
As you read the scroll of fear, it crumbles to dust.
You assume a fearsome visage.
The small abomination is unaffected.
The rakshasa resists with almost no effort.
The hellwing easily resists.
The worldbinder is unaffected.
The large abomination is unaffected.
The worldbinder is unaffected.
The large abomination is unaffected.
The wolf spider looks frightened!
The tarantella looks frightened! x2
The tarantella's many legs skitter faintly.
The wolf spider looks frightened! x2
The tarantella disappears in a puff of smoke!
The worldbinder closely misses you. The worldbinder hits you.
* * * LOW HITPOINT WARNING * * *
The rakshasa weaves an illusion.
Unknown command.
The worldbinder calls forth creatures from the Spider Nest!
A large abomination comes into view.
The wolf spider disappears in a puff of smoke!
The worldbinder calls forth creatures from the Spider Nest!
The small abomination attacks as it pursues you!
The small abomination hits you!
You die...

... .. X .. #..# ..# ..
.. ..##..##..##.. ..
............ .. ..
.......... .. #.
#.§##.s# ..# ..
..##..##..##..##..##..
.......@x............
.......xs.X......... .
..##..##..##xd##..# # .
##..##.x##.§##..##..# #
##.......sX4X.Xsx......
. # .
#...§§#s....#sX...#. .#
##...###...###.L.## ..
. #.....#..R..#§....#.
# # # ................
........


You could see a black draconian, a rakshasa, a wolf spider (summoned), an
ancient zyme, 4 large abominations, a hellwing, an orb spider (summoned), 2
worldbinders and a small abomination.

Vanquished Creatures
  Erolcha (D:9)
  A boulder beetle (D:11)
  A two-headed ogre (D:9)
  An orange demon (Abyss:2)
  2 smoke demons (Abyss:2)
  A komodo dragon (D:11)
  2 trolls
  Grinder (D:3)
  A hornet (D:8)
  2 blink frogs (Abyss:2)
  Eustachio (D:4)
  3 wyverns
  4 yaks
  Menkaure (D:5)
  2 steam dragons
  An acid dragon (D:9)
  2 water moccasins
  An ice beast (D:4)
  An ogre (D:6)
  3 centaurs
  2 phantoms
  5 kobold brigands
  3 bullfrogs
  3 gnoll sergeants
  5 scorpions
  10 wights
  8 killer bees (D:8)
  5 howler monkeys
  A small abomination (Abyss:2)
  3 jellies
  9 hounds
  3 gnoll boudas
  5 orc priests
  5 orc wizards
  8 iguanas
  Terence (D:2)
  22 gnolls
  10 adders
  3 white imps
  2 ufetubi (D:7)
  2 worms
  21 orcs
  7 ball pythons
  7 bats
  6 endoplasms
  6 giant cockroaches
  5 goblins
  8 hobgoblins
  32 kobolds
  11 quokkas
  4 frilled lizards
  7 rats
261 creatures vanquished.

Vanquished Creatures (others)
  A killer bee (D:8)
  10 starspawn tentacles (Abyss:2)
11 creatures vanquished.

Grand Total: 272 creatures vanquished

Notes
Turn   | Place    | Note
-------+----------+-------------------------------------------
     0 | D:1      | zazu2006 the Gnoll Wanderer began the quest for the Orb.
     0 | D:1      | zazu2006 set off with the following items: a +2
                  | quarterstaff, a +0 hand axe, a +0 helmet, a scroll of
                  | blinking, a +0 robe.
     0 | D:1      | Reached XP level 1. HP: 17/17 MP: 1/1
   153 | D:1      | Reached XP level 2. HP: 23/23 MP: 2/2
   644 | D:1      | Reached XP level 3. HP: 22/28 MP: 3/3
   801 | D:2      | Reached skill level 1 in Invocations
  1092 | D:2      | Noticed Terence
  1102 | D:2      | Killed Terence
  1103 | D:2      | Reached skill level 1 in Short Blades
  1103 | D:2      | Reached skill level 1 in Long Blades
  1103 | D:2      | Reached skill level 1 in Maces & Flails
  1103 | D:2      | Reached skill level 1 in Polearms
  1103 | D:2      | Reached skill level 1 in Ranged Weapons
  1103 | D:2      | Reached skill level 1 in Throwing
  1103 | D:2      | Reached skill level 1 in Shields
  1103 | D:2      | Reached skill level 1 in Unarmed Combat
  1103 | D:2      | Reached skill level 1 in Spellcasting
  1103 | D:2      | Reached skill level 1 in Evocations
  1103 | D:2      | Reached skill level 1 in Shapeshifting
  1103 | D:2      | Reached XP level 4. HP: 34/34 MP: 5/5
  1305 | D:2      | Reached skill level 1 in Conjurations
  1305 | D:2      | Reached skill level 1 in Hexes
  1305 | D:2      | Reached skill level 1 in Summonings
  1305 | D:2      | Reached skill level 1 in Necromancy
  1305 | D:2      | Reached skill level 1 in Translocations
  1305 | D:2      | Reached skill level 1 in Transmutations
  1305 | D:2      | Reached skill level 1 in Fire Magic
  1305 | D:2      | Reached skill level 1 in Ice Magic
  1305 | D:2      | Reached skill level 1 in Air Magic
  1305 | D:2      | Reached skill level 1 in Earth Magic
  1305 | D:2      | Reached skill level 1 in Poison Magic
  1507 | D:3      | Found an ancient bone altar of Kikubaaqudgha.
  1531 | D:3      | Noticed Grinder
  1542 | D:3      | Killed Grinder
  1543 | D:3      | Reached XP level 5. HP: 41/41 MP: 5/8
  1543 | D:3      | Reached XP level 6. HP: 47/47 MP: 5/9
  1584 | D:3      | Found a blossoming altar of Fedhas.
  1975 | D:3      | Reached XP level 7. HP: 44/52 MP: 10/10
  2280 | D:4      | Found Hefepp's Jewellery Shop.
  2829 | D:4      | Noticed Eustachio
  2852 | D:4      | Killed Eustachio
  2997 | D:4      | Found a basalt altar of Yredelemnul.
  3192 | D:4      | Reached XP level 8. HP: 21/60 MP: 12/12
  3553 | D:4      | Found a white marble altar of Elyvilon.
  3711 | D:5      | Entered Level 5 of the Dungeon
  4380 | D:5      | Noticed Menkaure
  4390 | D:5      | Killed Menkaure
  5020 | D:6      | Found an iron altar of Okawaru.
  5050 | D:6      | Reached XP level 9. HP: 66/66 MP: 14/14
  5197 | D:6      | Found a staircase to the Ecumenical Temple.
  5217 | Temple   | Entered the Ecumenical Temple
  5235 | Temple   | Became a worshipper of Vehumet
  5605 | D:6      | Reached skill level 5 in Fighting
  5605 | D:6      | Reached skill level 5 in Axes
  5605 | D:6      | Reached skill level 5 in Armour
  5605 | D:6      | Reached skill level 5 in Dodging
  6091 | D:6      | Found a runed translucent gate.
  6092 | D:6      | Found a runed translucent gate.
  6092 | D:6      | Found a runed translucent gate.
  6093 | D:6      | Noticed MrSquiggles's ghost (novice KoAr)
  6094 | D:6      | Noticed croobank's ghost (novice DgSh)
  6094 | D:6      | Noticed Fodor's ghost (novice MiFi)
  6094 | D:6      | Noticed XomNomNom's ghost (novice DrMo)
  6315 | D:7      | Found Vykavaat's Antique Armour Shop.
  6653 | D:7      | Reached skill level 5 in Invocations
  6906 | D:7      | Found a snail-covered altar of Cheibriados.
  6925 | D:7      | Reached * piety under Vehumet
  6925 | D:7      | Offered knowledge of Kiss of Death by Vehumet.
  6990 | D:7      | Found a glowing silver altar of Zin.
  7028 | D:7      | Found a sacrificial altar of Ru.
  7029 | D:7      | Found a shimmering altar of Xom.
  7057 | D:7      | Found a shadowy altar of Dithmenos.
  7218 | D:7      | Reached XP level 10. HP: 37/72 MP: 17/17
  7238 | D:7      | Reached skill level 5 in Short Blades
  7238 | D:7      | Reached skill level 5 in Long Blades
  7238 | D:7      | Reached skill level 5 in Maces & Flails
  7238 | D:7      | Reached skill level 5 in Polearms
  7238 | D:7      | Reached skill level 5 in Ranged Weapons
  7238 | D:7      | Reached skill level 5 in Throwing
  7238 | D:7      | Reached skill level 5 in Shields
  7238 | D:7      | Reached skill level 5 in Unarmed Combat
  7238 | D:7      | Reached skill level 5 in Spellcasting
  7238 | D:7      | Reached skill level 5 in Evocations
  7583 | D:7      | Found a glowing golden altar of the Shining One.
  7668 | D:8      | Identified the of Posmaw
  8392 | D:8      | Paralysed by a kobold for 2 turns
  8505 | D:8      | Reached ** piety under Vehumet
  8505 | D:8      | Offered knowledge of Magic Dart by Vehumet.
  9213 | D:9      | Noticed a two-headed ogre
  9222 | D:9      | Killed a two-headed ogre
  9223 | D:9      | Reached skill level 5 in Shapeshifting
  9984 | D:9      | Noticed Erolcha
 10004 | D:9      | Killed Erolcha
 10275 | D:10     | Entered Level 10 of the Dungeon
 10294 | D:10     | Reached XP level 11. HP: 76/83 MP: 19/19
 10317 | D:10     | HP: 3/83 [yak (12)]
 10319 | D:10     | Reached skill level 5 in Conjurations
 10319 | D:10     | Reached skill level 5 in Hexes
 10319 | D:10     | Reached skill level 5 in Summonings
 10319 | D:10     | Reached skill level 5 in Necromancy
 10319 | D:10     | Reached skill level 5 in Translocations
 10319 | D:10     | Reached skill level 5 in Transmutations
 10319 | D:10     | Reached skill level 5 in Fire Magic
 10319 | D:10     | Reached skill level 5 in Ice Magic
 10319 | D:10     | Reached skill level 5 in Air Magic
 10319 | D:10     | Reached skill level 5 in Earth Magic
 10319 | D:10     | Reached skill level 5 in Poison Magic
 10733 | D:10     | Identified the +1 robe of Powerful Salvation {rPois rF+
                  | Regen+ Int-3}
 10785 | D:10     | Found a hazy altar of Hepliaklqana.
 11095 | D:10     | Offered knowledge of Mephitic Cloud by Vehumet.
 11102 | D:10     | Learned a level 3 spell: Mephitic Cloud
 11456 | D:11     | Noticed a boulder beetle
 11490 | D:11     | Killed a boulder beetle
 11910 | D:11     | Found a staircase to the Lair.
 11910 | D:11     | Noticed Sonja
 11925 | D:11     | Reached *** piety under Vehumet
 11927 | Abyss:2  | Cast into level 2 of the Abyss (Sonja)
 11938 | Abyss:2  | Found a corrupted altar of Lugonu.
 11971 | Abyss:2  | Noticed a large abomination
 12030 | Abyss:2  | Found a corrupted altar of Lugonu.
 12103 | Abyss:2  | Noticed a large abomination
 12111 | Abyss:2  | Found an ornate altar of the Wu Jian Council.
 12122 | Abyss:2  | Found a corrupted altar of Lugonu.
 12123 | Abyss:2  | Noticed a starcursed mass
 12167 | Abyss:2  | Noticed a purple very ugly thing
 12394 | Abyss:2  | Noticed a glowing orange brain
 12423 | Abyss:2  | Noticed a tentacled starspawn
 12431 | Abyss:2  | Noticed a starcursed mass
 12432 | Abyss:2  | Noticed a tentacled starspawn
 12448 | Abyss:2  | Noticed a starcursed mass
 12487 | Abyss:2  | Noticed a rakshasa
 12492 | Abyss:2  | Noticed a worldbinder
 12500 | Abyss:2  | Noticed a wolf spider
 12500 | Abyss:2  | Noticed a wolf spider
 12500 | Abyss:2  | Found a corrupted altar of Lugonu.
 12500 | Abyss:2  | Noticed a black draconian
 12501 | Abyss:2  | Noticed a wolf spider
 12502 | Abyss:2  | Noticed an orb spider
 12503 | Abyss:2  | Noticed a large abomination
 12507 | Abyss:2  | Noticed a wolf spider
 12507 | Abyss:2  | Noticed a wolf spider
 12508 | Abyss:2  | Noticed an ancient lich
 12512 | Abyss:2  | Noticed a wolf spider
 12515 | Abyss:2  | Noticed an orb spider
 12515 | Abyss:2  | Noticed a wolf spider
 12520 | Abyss:2  | Noticed a wolf spider
 12522 | Abyss:2  | Noticed a wolf spider
 12522 | Abyss:2  | Slain by a small abomination

Illustrated notes

Levels and vault maps discovered:
D:1:      dpeg_arrival_simpleton_a, layout_basic
D:2:      layout_loops_ring, uniq_terence
D:3:      minmay_octagon_keep, layout_basic, mainiacjoe_overflow_brackets,
          nicolae_overflow_crystal_walls, uniq_grinder
D:4:      minmay_skewed_foursquare, layout_loops_cross, kennysheep_ying_yang,
          serial_shops, shop, dreamdust_princess_bridge, grunt_ministairs_13,
          uniq_eustachio
D:5:      minmay_evil_eye, layout_basic, uniq_menkaure
D:6:      layout_loops_ring, mainiacjoe_overflow_catwalk,
          minmay_temple_entry_gardened_gates, gammafunk_ghost_cemetery,
          chequers_serial_rivers_room_a
D:7:      layout_cave_pools, mainiacjoe_overflow_small_starburst,
          mainiacjoe_overflow_alcove_1, grunt_dithmenos_shadows,
          gammafunk_temple_overflow_forgotten, serial_shops, shop,
          minmay_door_square, minmay_diced_spiral
D:8:      layout_layer_cave
D:9:      layout_roguey, minmay_splitting_lines, kennysheep_opposing_triangles,
          uniq_erolcha
D:10:     layout_irregular_city, kennysheep_mini
D:11:     layout_stronghold, david_lair_shrubbed,
          hangedman_abyss_or_decor_clamps, slow_altar_2, uniq_sonja
Temple:   eino_wide_crystal_templ
Abyss:2:  base: D:2, evilmike_abyss_exit_7, onia_ninara_dug_in_and_dangerous,
          evilmike_abyss_exit_15

Skill      XL: |  1  2  3  4  5  6  7  8  9 10 11 |
---------------+----------------------------------+-----
Stealth        | 6 7 8 9 |  9.0
Invocations    | 1 2 3 4 5 6 7 |  7.1
Short Blades   | 1 2 3 4 5 6 |  6.5
Long Blades    | 1 2 3 4 5 6 |  6.5
Maces & Flails | 1 2 3 4 5 6 |  6.5
Polearms       | 1 2 3 4 5 6 |  6.5
Ranged Weapons | 1 2 3 4 5 6 |  6.5
Throwing       | 1 2 3 4 5 6 |  6.5
Shields        | 1 2 3 4 5 6 |  6.5
Unarmed Combat | 1 2 3 4 5 6 |  6.5
Spellcasting   | 1 2 3 4 5 6 |  6.5
Evocations     | 1 2 3 4 5 6 |  6.5
Shapeshifting  | 1 2 3 4 5 |  5.9
Conjurations   | 1 2 3 4 5 |  5.4
Hexes          | 1 2 3 4 5 |  5.4
Summonings     | 1 2 3 4 5 |  5.4
Necromancy     | 1 2 3 4 5 |  5.4
Translocations | 1 2 3 4 5 |  5.4
Transmutations | 1 2 3 4 5 |  5.4
Fire Magic     | 1 2 3 4 5 |  5.4
Ice Magic      | 1 2 3 4 5 |  5.4
Air Magic      | 1 2 3 4 5 |  5.4
Earth Magic    | 1 2 3 4 5 |  5.4
Poison Magic   | 1 2 3 4 5 |  5.4
Fighting       | 3 4 5 6 7 |  7.1
Axes           | 3 4 5 6 7 |  7.1
Armour         | 3 4 5 6 7 |  7.1
Dodging        | 3 4 5 6 7 |  7.1
Staves         | 7 8 9 |  9.3

Action                     |  1- 3 |  4- 6 |  7- 9 | 10-12 || total
---------------------------+-------+-------+-------+-------++-------
  Melee: Quarterstaff      |    64 |    86 |   394 |   258 ||   802
         Bite              |     4 |     9 |    66 |    57 ||   136
         Short sword       |       |       |   132 |   158 ||   290
         Punch             |       |       |     6 |     9 ||    15
  Throw: Dart              |       |       |     7 |       ||     7
   Cast: Mephitic Cloud    |       |       |       |    12 ||    12
  Evoke: Wand              |     2 |     2 |     1 |    28 ||    33
    Use: Scroll            |       |       |       |    11 ||    11
         Potion            |       |       |       |     3 ||     3
   Stab: Sleeping          |     8 |     6 |    15 |     1 ||    30
         Paralysed         |     4 |     7 |     2 |    32 ||    45
         Confused          |       |       |       |     6 ||     6
         Distracted        |       |       |       |     1 ||     1
 Armour: Robe              |    26 |    36 |   164 |       ||   226
         Steam dragon scal |       |       |    43 |    80 ||   123
         Acid dragon scale |       |       |       |   124 ||   124
         Skin              |       |       |       |     5 ||     5
  Dodge: Dodged            |    32 |    30 |   394 |   402 ||   858

Table legend: (Time is in decaauts)
 A = Elapsed time spent in this place.
 B = Non-inter-level travel time spent in this place.
 C = Inter-level travel time spent in this place.
 D = Time resting spent in this place.
 E = Time spent auto-exploring this place.
 F = Levels seen in this place.
 G = Mean time per level.
                   A        B        C        D        E       F      G
               +--------+--------+--------+--------+--------+-----+--------+
         Total |  12375 |  12039 |    336 |    989 |   8225 |  13 |  951.9 |
       Dungeon |  11754 |  11433 |    321 |    846 |   8195 |  11 | 1068.5 |
        Temple |     33 |     18 |     15 |      0 |      0 |   1 |   33.0 |
         Abyss |    587 |    587 |      0 |    143 |     30 |   1 |  587.0 |
               +--------+--------+--------+--------+--------+-----+--------+

Top non-repeatable levels by time:
     D:6: 1731 daAuts
     D:4: 1581 daAuts
     D:8: 1413 daAuts
     D:7: 1220 daAuts
    D:10: 1139 daAuts
     D:9: 1088 daAuts
     D:5: 850 daAuts
     D:1: 773 daAuts
     D:3: 754 daAuts
     D:2: 710 daAuts
 Abyss:2: 587 daAuts
    D:11: 489 daAuts
  Temple: 33 daAuts
